 Dungeon Crawl Stone Soup version 0.21-a0-518-g43a1781 (webtiles) character file.

6 Laiders the Caller (level 1, 0/13 HPs)
             Began as a Gnoll Wanderer on Dec 5, 2017.
             Slain by a jackal (1 damage)
             ... on level 1 of the Dungeon.
             The game lasted 00:01:27 (238 turns).

Laiders the Caller (Gnoll Wanderer)                  Turns: 238, Time: 00:01:28

Health: 0/13       AC:  2    Str: 15    XL:     1   Next: 90%
Magic:  4/4        EV: 11    Int: 13    God:
Gold:   0          SH:  0    Dex: 14    Spells: 5/5 levels left

rFire    . . .     SeeInvis .   e - +0 club
rCold    . . .     Gourm    .   (no shield)
rNeg     . . .     Faith    .   d - +0 robe
rPois    .         Spirit   .   (no helmet)
rElec    .         Reflect  .   (no cloak)
rCorr    .         Harm     .   (no gloves)
MR       .....                  (no boots)
Stlth    +.........             (no amulet)
HPRegen  0.04/turn              (no ring)
MPRegen  0.09/turn              (no ring)

@: no status effects
A: distributed training, fangs 1, strong nose
a: no special abilities


You were on level 1 of the Dungeon.
You were not hungry.

You visited 1 branch of the dungeon, and saw 1 of its levels.

Inventory:

Hand Weapons
 e - a +0 club (weapon)
Armour
 d - a +0 robe (worn)
Potions
 c - a potion of lignification
Books
 a - a book of Minor Magic

   Spells                             Type                      Level
   a - Magic Dart                     Conjuration                  1
   b - Blink                          Translocation                2
   c - Call Imp                       Summoning                    2
   d - Slow                           Hexes                        2
   e - Conjure Flame                  Conjuration/Fire             3
   f - Mephitic Cloud                 Conjuration/Poison/Air       3
 b - Jotrisegur's Compendium of Fire

   Spells                             Type                      Level
   a - Flame Tongue                   Conjuration/Fire             1
   b - Conjure Flame                  Conjuration/Fire             3
Comestibles
 f - a bread ration
 g - 6 chunks of flesh


   Skills:
 + Level 0.1 Fighting
 + Level 0.1 Short Blades
 + Level 0.1 Long Blades
 + Level 0.1 Axes
 + Level 0.1 Maces & Flails
 + Level 0.1 Polearms
 + Level 0.1 Staves
 + Level 0.1 Slings
 + Level 0.1 Bows
 + Level 0.1 Crossbows
 + Level 2.4 Throwing
 + Level 0.1 Armour
 + Level 0.1 Dodging
 + Level 0.1 Stealth
 + Level 0.1 Shields
 + Level 0.1 Unarmed Combat
 + Level 2.6 Spellcasting
 + Level 0.1 Conjurations
 + Level 0.1 Hexes
 + Level 3.6 Charms
 + Level 5.3 Summonings
 + Level 0.1 Necromancy
 + Level 0.1 Translocations
 + Level 0.1 Transmutations
 + Level 0.1 Fire Magic
 + Level 0.1 Ice Magic
 + Level 0.1 Air Magic
 + Level 3.6 Earth Magic
 + Level 0.1 Poison Magic
 + Level 0.2 Invocations
 + Level 2.4 Evocations


You had 5 spell levels left.
You didn't know any spells.

Dungeon Overview and Level Annotations

Branches:
Dungeon (1/15)

Altars:


Innate Abilities, Weirdness & Mutations

Your experience applies equally to all skills.
You have very sharp teeth.
Your uncanny sense of smell can sniff out nearby items.


Message History

You barely miss the jackal. Your bite misses the jackal.
The jackal closely misses you.
You closely miss the jackal. The jackal bites you.
The jackal closely misses you.
You closely miss the jackal. The jackal barely misses you.
You hit the jackal.
The jackal is almost dead.
The jackal barely misses you.
The jackal bites you but does no damage.
You barely miss the jackal.
The jackal is almost dead.
The jackal bites you.
* * * LOW HITPOINT WARNING * * *
The jackal bites you but does no damage.
You hit the jackal but do no damage.
The jackal is severely wounded.
The jackal bites you.
* * * LOW HITPOINT WARNING * * *
The jackal bites you.
You die...

... ∆ #.. ##.## ####
#+# ... ..#
#.##.###.###### #.#
##'##..........#
#.#####...#####h####.#
#.'.'.'.<.'.+ +h#
#.#####...#####@#
##.....##'##.....#
..####..#.#..##### #.#
##.#+#.## #.# #.# #.#
#.# #.#+#.# #.#
#...#.# #.# ###.#.#
#.# #.#.#


You could see 2 jackals.

Vanquished Creatures
  A giant cockroach (D:1)
  A goblin (D:1)
  A hobgoblin (D:1)
  A jackal (D:1)
  A bat (D:1)
5 creatures vanquished.

Notes
Turn   | Place    | Note
-------+----------+-------------------------------------------
     0 | D:1      | Laiders the Gnoll Wanderer began the quest for the Orb.
     0 | D:1      | Laiders set off with: a book of Minor Magic, Jotrisegur's Compendium of Fire, a potion of lignification, a +0 robe, a +0 club, a bread ration
     0 | D:1      | Reached XP level 1. HP: 13/13 MP: 4/4
     0 | D:1      | Identified Jotrisegur's Compendium of Fire
   238 | D:1      | Slain by a jackal

Vault maps used:
D:1:      minmay_arrival_doors, minmay_misc_feat_plants, wad_floor_pattern_1,
          serial_bayou_pond_c, hangedman_decor_peaks_small

Action                   || total
-------------------------++-------
Melee: Club              ||    27
       Bite              ||     5
Armor: Robe              ||    11
Dodge: Dodged            ||    16

Table legend:
 A = Spawn XP
 B = Non-spawn XP
 C = Spawn XP percentage of total XP
 D = Spawn monster count
 E = Non-spawn monster count
 F = Spawn count percentage of total count
 G = Total turns spent on level
                    A         B        C        D         E        F      G
               +---------+---------+-------+---------+---------+-------+---------
         Total |       0 |       9 |   0.0 |       0 |       5 |   0.0 |   238
               +---------+---------+-------+---------+---------+-------+---------
           D:1 |       0 |       9 |   0.0 |       0 |       5 |   0.0 |   238
               +---------+---------+-------+---------+---------+-------+---------
